 Dungeon Crawl Stone Soup version 0.21.0-3-g78d12a8 (webtiles) character file.

239 tidbits the Sneak (level 6, 0/41 HPs)
             Began as an Octopode Wanderer on Jan 9, 2018.
             Slain by a worm (8 damage)
             ... in a sewer.
             The game lasted 00:09:19 (1530 turns).

tidbits the Sneak (Octopode Wanderer)               Turns: 1530, Time: 00:09:20

Health: 0/41       AC:  1    Str: 11    XL:     6   Next: 7%
Magic:  5/7        EV: 13    Int: 14    God:
Gold:   131        SH:  0    Dex: 14    Spells: 3/7 levels left

rFire    . . .     SeeInvis .   a - +2 falchion
rCold    . . .     Gourm    .   (no shield)
rNeg     . . .     Faith    .   (helmet restricted)
rPois    .         Spirit   .   (no amulet)
rElec    .         Reflect  .   (no ring)
rCorr    .         Harm     .   (no ring)
MR       .....                  (no ring)
Stlth    ++++......             (no ring)
HPRegen  0.13/turn              (no ring)
MPRegen  0.10/turn              (no ring)
                                (no ring)
                                (no ring)

@: singing
A: almost no armour, stealthy swim, amphibious, 8 rings, constrict 8, camouflage
1, gelatinous body 1
a: no special abilities


You were in a sewer.
You were not hungry.

You visited 1 branch of the dungeon, and saw 4 of its levels.
You also visited: Sewer.

You collected 131 gold pieces.

Inventory:

Hand Weapons
 a - a +2 falchion (weapon)
 b - a +0 dagger
Missiles
 g - 37 sling bullets
 t - 3 tomahawks (quivered)
Armour
 r - a +0 large shield
Jewellery
 l - an uncursed ring of fire
   (You found it on level 2 of the Dungeon)
Scrolls
 e - a scroll of identify
 h - a scroll of enchant armour {unknown}
 m - a scroll of magic mapping {unknown}
 o - a scroll of amnesia {unknown}
 p - a scroll of immolation {unknown}
 u - 2 scrolls of blinking {unknown}
 w - 3 scrolls of fog {unknown}
 x - a scroll of fear {unknown}
 y - a scroll of teleportation {unknown}
Potions
 d - 3 potions of lignification
 i - 4 potions of flight
 j - 4 potions of curing
 n - a potion of ambrosia
 q - a potion of heal wounds
 s - a potion of haste {unknown}
 v - a potion of invisibility {unknown}
 z - a potion of agility {unknown}
Books
 c - Dulekoa's Almanac of Talismans

   Spells                             Type                      Level
   a - Song of Slaying                Charms                       2
   b - Swiftness                      Charms/Air                   2
Comestibles
 f - 3 rations
 k - 5 chunks of flesh


   Skills:
 + Level 2.6 Fighting
 - Level 3.0 Long Blades
 - Level 1.0 Throwing
 + Level 2.2 Dodging
 + Level 4.5 Stealth
 - Level 1.0 Spellcasting
 - Level 3.5 Charms
   Level 2.0 Transmutations


You had 3 spell levels left.
You knew the following spells:

 Your Spells              Type           Power        Failure   Level  Hunger
y - Song of Slaying       Chrm           ##......     10%         2    ###....
W - Swiftness             Chrm/Air       #.......     19%         2    ###....


Dungeon Overview and Level Annotations

Branches:
Dungeon (4/15)
 Temple: D:4-7

Altars:
Nemelex Xobeh
Yredelemnul

Annotations:
D:3 komo4ek's ghost, amateur SpWr


Innate Abilities, Weirdness & Mutations

You cannot wear most types of armour.
You are very stealthy in the water. (Stealth+)
You are amphibious.
You can wear up to eight rings at the same time.
You can use your tentacles to constrict eight enemies at once.
Your skin changes colour to match your surroundings (Stealth+).
Your rubbery body absorbs attacks. (AC +1, EV +1)


Message History

w - a scroll labeled BIBAEN YSELUSY
u - 2 scrolls labeled SOPTUO TEN TYC (gained 1)
You are feeling hungry.
w - 2 scrolls labeled BIBAEN YSELUSY (gained 1)
w - 3 scrolls labeled BIBAEN YSELUSY (gained 1)
x - a scroll labeled DEOPTE TUAT You see here a jackal corpse.
You butcher the jackal corpse.
k - 6 chunks of flesh (gained 3) Eat one of 6 chunks of flesh? (ye/n/q)
You eat one of the 6 chunks of flesh.
This raw flesh tastes terrible.
You see here a jackal corpse.
A ball python comes into view.
The ball python hisses angrily.
The ball python bites you. The ball python misses you.
You slash the ball python!
You kill the ball python!
Casting: Song of Slaying
Confirm with . or Enter, or press ? or * to list all spells.
You start singing a song of slaying.
You open the large door.
Found a scroll labeled XALUEXOVAE and a pair of embroidered gloves.
Found a dark potion.
There is a large open door here.
y - a scroll labeled XALUEXOVAE
z - a dark potion
There is a large open door here.
You open the large door. 3 oozes come into view.
The ooze quivers. x2
You hit the ooze.
The ooze is moderately wounded.
The ooze misses you. The ooze barely misses you. The ooze closely misses you.
You hit the ooze. You squeeze the ooze.
The ooze is almost dead.
The ooze hits you.
* * * LOW HITPOINT WARNING * * *
The ooze closely misses you.
You riposte.
You slash the ooze!
The ooze is heavily wounded.
The ooze hits you but does no damage.
You slash the ooze!
You kill the ooze!
The ooze barely misses you.
You barely miss the ooze.
The ooze is heavily wounded.
The ooze barely misses you. x2; You riposte.
You hit the ooze.
The ooze is heavily wounded.
You hit the ooze. You squeeze the ooze.
You kill the ooze!
You have reached level 6!
Your experience leads to an increase in your attributes!
Increase (S)trength, (I)ntelligence, or (D)exterity?
You feel agile. The ooze hits you but does no damage.
You hit the ooze.
You kill the ooze!
Your song is almost over.
No target in view!
There is a large open door here.
Found two gates leading back out of this place.
Your song has ended.
You open the large door. 3 worms come into view.
Casting: Song of Slaying
Confirm with . or Enter, or press ? or * to list all spells.
You start singing a song of slaying.
The worm barely misses you.
You riposte.
You hit the worm. You grab the worm.
The worm is lightly wounded.
You hit the worm.
The worm is lightly wounded.
You constrict the worm.
A worm comes into view.
You hit the worm.
The worm is moderately wounded.
You constrict the worm.
The worm moves out of view.
The worm misses you.
You riposte.
You hit the worm.
The worm is severely wounded.
You hit the worm but do no damage. You grab the worm.
You constrict the worm. x2
The worm barely misses you. The worm bites you.
* * * LOW HITPOINT WARNING * * *
You hit the worm.
The worm is moderately wounded.
You constrict the worm. x2; The worm barely misses you.
You hit the worm.
You kill the worm!
You constrict the worm. You hit the worm.
The worm is heavily wounded.
You constrict the worm. The worm bites you!
* * * LOW HITPOINT WARNING * * *
The worm bites you.
* * * LOW HITPOINT WARNING * * *
You hit the worm.
The worm is almost dead.
You constrict the worm.
You kill the worm!
You hit the worm. You grab the worm. You squeeze the worm!
The worm is severely wounded.
You constrict the worm. The worm bites you!
You die...

≈≈≈.≈≈ ≈≈≈≈≈ #≈≈≈# ###### #≈≈≈#
#....# #≈≈≈#
#####++#####''#####≈≈≈# #≈
#∩..............≈.≈≈≈.# #≈≈≈
#∩.....@.........≈≈≈≈.# #≈≈≈#
#####'w#####''#####≈≈≈# #.≈.#
#..w #.[..# #≈≈≈# #≈≈≈# ####
###### #≈≈.#
#≈≈≈#######################≈≈≈##
#≈≈..≈≈≈≈≈≈≈≈≈.≈≈≈≈...≈≈≈≈≈≈≈≈##
#.≈.≈≈≈≈≈≈≈≈≈≈≈≈≈≈≈≈≈≈≈≈≈≈≈.≈≈##
#≈≈≈≈≈≈≈≈.≈≈≈≈≈≈≈≈≈.≈≈≈.≈≈≈≈≈≈#
#≈≈≈#######################.≈.##


You could see 2 worms.

Vanquished Creatures
  A howler monkey (D:4)
  A worker ant (D:4)
  A hound skeleton (D:3)
  4 gnolls (D:2)
  2 adders (D:3)
  5 oozes
  3 worms
  3 dart slugs
  2 leopard geckos
  An orc (D:3)
  4 ball pythons
  9 bats
  5 giant cockroaches
  6 goblins (D:1)
  7 hobgoblins
  4 jackals (Sewer)
  A quokka (D:1)
  4 frilled lizards
  6 kobolds
  4 rats
73 creatures vanquished.

Notes
Turn   | Place    | Note
-------+----------+-------------------------------------------
     0 | D:1      | tidbits the Octopode Wanderer began the quest for the Orb.
     0 | D:1      | tidbits set off with: a +2 falchion, a potion of lignification, Dulekoa's Almanac of Talismans, a +0 dagger, a ration
     0 | D:1      | Reached XP level 1. HP: 13/13 MP: 2/2
     0 | D:1      | Identified Dulekoa's Almanac of Talismans
    53 | D:1      | Reached skill level 3 in Stealth
    63 | D:1      | Reached XP level 2. HP: 18/18 MP: 3/3
   151 | D:1      | Reached skill level 1 in Dodging
   536 | D:1      | Reached XP level 3. HP: 24/24 MP: 4/4
   544 | D:1      | Learned a level 2 spell: Song of Slaying
   547 | D:1      | Learned a level 2 spell: Swiftness
   674 | D:2      | Found a sparkling altar of Nemelex Xobeh.
   710 | D:2      | Reached skill level 1 in Charms
   719 | D:2      | Reached skill level 2 in Charms
   719 | D:2      | Reached XP level 4. HP: 21/29 MP: 5/5
   751 | D:2      | Found a basalt altar of Yredelemnul.
   880 | D:3      | Noticed komo4ek's ghost (amateur SpWr)
   900 | D:3      | Reached skill level 3 in Charms
   985 | D:3      | Reached XP level 5. HP: 15/34 MP: 6/6
  1149 | D:4      | Reached skill level 2 in Fighting
  1149 | D:4      | Reached skill level 4 in Stealth
  1245 | D:4      | Found a glowing drain.
  1270 | Sewer    | Entered a sewer
  1280 | Sewer    | Reached skill level 2 in Dodging
  1513 | Sewer    | Reached XP level 6. HP: 19/41 MP: 5/7
  1530 | Sewer    | Slain by a worm

Skill      XL: |  1  2  3  4  5 |
---------------+----------------+-----
Stealth        | 3 4 |  4.5
Dodging        | 1 2 |  2.2
Charms         | 2 3 |  3.5
Fighting       | 2 |  2.6
Long Blades    | |  3.0
Throwing       | |  1.0
Spellcasting   | |  1.0
Transmutations | |  2.0

Action                   |  1- 3 |  4- 6 || total
-------------------------+-------+-------++-------
Melee: Falchion          |    30 |    77 ||   107
       Constrict         |    14 |    27 ||    41
       Tentacles         |     9 |    19 ||    28
       Dagger            |    16 |     7 ||    23
 Cast: Song of Slaying   |       |     5 ||     5
  Use: Scroll            |       |     4 ||     4
 Stab: Sleeping          |     8 |     4 ||    12
       Distracted        |       |     1 ||     1
  Eat: Chunk             |       |     3 ||     3
Armor: Skin              |     6 |    15 ||    21
Dodge: Dodged            |    26 |    78 ||   104
       Rpst.: Falchion   |     8 |    23 ||    31

Table legend:
 A = Turns spent in this place as a percentage of turns spent in the entire game.
 B = Non-inter-level travel turns spent in this place as a percentage of non-inter-level travel turns spent in the entire game.
 C = Inter-level travel turns spent in this place as a percentage of turns spent in this place.
 D = Turns resting spent in this place as a percentage of non-inter-level travel turns spent in this place.
 E = Turns spent auto-exploring this place as a percentage of non-inter-level travel turns spent in this place.
 F = Non-inter-level travel turns spent in this place divided by the number of levels of this place that you've seen.
                   A       B       C       D       E      F
               +-------+-------+-------+-------+-------+----------------------
         Total | 100.0 | 100.0 |   5.1 |   0.0 |   0.0 | 290.4
       Dungeon |  83.0 |  82.1 |   6.1 |   0.0 |   0.0 | 298.0
         Sewer |  17.0 |  17.9 |   0.0 |   0.0 |   0.0 | 260.0
               +-------+-------+-------+-------+-------+----------------------

Table legend:
 A = Kills in this place as a percentage of kills in entire the game.
 B = Kills by you in this place as a percentage of kills by you in the entire game.
 C = Kills by friends in this place as a percentage of kills by friends in the entire game.
 D = Other kills in this place as a percentage of other kills in the entire game.
 E = Experience gained in this place as a percentage of experience gained in the entire game.
 F = Experience gained in this place divided by the number of levels of this place that you have seen.
                   A       B       C       D       E      F
               +-------+-------+-------+-------+-------+----------------------
         Total | 100.0 | 100.0 |   N/A |   N/A | 100.0 |  68.4
       Dungeon |  72.6 |  72.6 |   N/A |   N/A |  81.3 |  69.5
         Sewer |  27.4 |  27.4 |   N/A |   N/A |  18.7 |  64.0
               +-------+-------+-------+-------+-------+----------------------

Vault maps used:
D:1:      dpeg_arrival_rooms_with_view, minmay_pentomino_p2
D:2:      nemelex_altar_shiori, minmay_statues_item, yredelemnul_altar_generic
D:3:      serial_bayou_pond_e
D:4:      nicolae_overflow_quartered_altars, gammafunk_temple_overflow_pools,
          first_ration, cheibrodos_sewer_entry_sluice,
          kennysheep_generic_room_4, uniq_blork_the_orc
Sewer:    sewer_fruit_machine
